 Dungeon Crawl Stone Soup version 0.29-a0-886-gfb1a3fa8b1 (webtiles) character file.

Game seed: 1749407762359499567

174 Malachi the Insei (level 5, -1/33 HPs)
             Began as an Octopode Transmuter on July 21, 2022.
             Slain by an orc
             ... wielding a +0 flail of holy wrath
              (7 damage)
             ... on level 3 of the Dungeon.
             The game lasted 00:07:54 (4691 turns).

Malachi the Insei (Octopode Transmuter)             Turns: 4691, Time: 00:07:55

Health: -1/33      AC:  1    Str: 10    XL:     5   Next: 54%
Magic:  8/8        EV: 13    Int: 17    God:
Gold:   127        SH:  0    Dex: 12    Spells: 5/8 levels left

rFire   . . .      SeeInvis .   f - +2 dagger (venom)
rCold   . . .      Faith    .   (no shield)
rNeg    . . .      Spirit   .   (helmet restricted)
rPois   .          Reflect  .   (no amulet)
rElec   .          Harm     .   (no ring)
rCorr   .          Rampage  .   (no ring)
Will    .....                   (no ring)
Stlth   ++........              (no ring)
HPRegen 0.11/turn               (no ring)
MPRegen 0.11/turn               (no ring)
                                (no ring)
                                (no ring)

@: no status effects
A: almost no armour, amphibious, 8 rings, camouflage 1, gelatinous body 1,
(nimble swimmer 1), tentacles
a: no special abilities


You were on level 3 of the Dungeon.
You visited 1 branch of the dungeon, and saw 3 of its levels.

You collected 127 gold pieces.

Inventory:

Hand Weapons
 f - a +2 dagger of venom (weapon)
Missiles
 n - 2 curare-tipped darts
Magical Staves
 j - a staff of death
Jewellery
 c - an amulet of the acrobat
Scrolls
 a - a scroll of teleportation
 b - 2 scrolls of amnesia
 g - a scroll of identify
 h - 2 scrolls of poison
Potions
 d - a potion of resistance
 i - a potion of heal wounds {unknown}
 k - a potion of degeneration {unknown}
 l - a potion of attraction {unknown}
 m - a potion of mutation {unknown}
 o - a potion of might {unknown}


   Skills:
 - Level 1.0 Fighting
 - Level 2.0 Dodging
 - Level 4.3 Unarmed Combat
 - Level 2.0 Spellcasting
 + Level 3.5 Transmutations
 + Level 3.2 Poison Magic


You had 5 spell levels left.
You knew the following spells:

 Your Spells              Type           Power      Damage    Failure   Level
b - Spider Form           Tmut/Pois      13%        N/A       14%         3

Your spell library contained the following spells:

 Spells                   Type           Power      Damage    Failure   Level
 Beastly Appendage        Tmut           26%        N/A       4%          1
 Wereblood                Tmut           13%        N/A       7%          2
 Confusing Touch          Hex            1%         N/A       50%         3
 Gell's Gravitas          Tloc           1%         N/A       50%         3
 Lesser Beckoning         Tloc           1%         N/A       50%         3
 Teleport Other           Tloc           1%         N/A       50%         3
 Ice Form                 Ice/Tmut       7%         N/A       67%         4
 Yara's Violent Unravell  Hex/Tmut       3%         3d4       95%         5
 Enfeeble                 Hex            0%         N/A       100%        7


Dungeon Overview and Level Annotations

Branches:
Dungeon (3/15)

Altars:
Nemelex Xobeh


Innate Abilities, Weirdness & Mutations

You cannot wear most types of armour.
You are amphibious.
You can wear up to eight rings at the same time.
Your skin changes colour to match your surroundings (Stealth+).
Your rubbery body absorbs attacks. (AC +1, EV +1)
((You are camouflaged when in or above water. (Stealth+)))
You have tentacles for arms and can constrict up to eight enemies at once.


Message History

You see here a metallic inky potion.
You hit the orc but do no damage.
The orc is poisoned.
You grab the orc. You squeeze the orc.
The orc is lightly wounded.
You constrict the orc, but do no damage.
The orc hits you with a +0 mace.
You release your grip on the orc.
The orc hits you with a +0 mace. The orc attacks as you move away!
The orc hits you with a +0 mace. The orc attacks as you move away!
The orc hits you with a +0 mace. The orc attacks as you move away!
The orc barely misses you. The orc attacks as you move away!
The orc closely misses you. The orc attacks as you move away!
The orc closely misses you.
You kill the orc!
The orc attacks as you move away! The orc hits you with a +0 mace.
You barely miss the orc. You grab the orc. You constrict the orc.
The orc barely misses you.
You hit the orc.
The orc is poisoned.
The orc is heavily wounded.
You constrict the orc.
You kill the orc!
You see here a +0 mace.
You barely miss something. Something hits you.
You hit something. You squeeze something. Something hits you.
You hit something. Something hits you.
* * * LOW HITPOINT WARNING * * *
You closely miss something. Something hits you but does no damage.
It was a potion of resistance.
You feel protected.
You hear some strange, mumbled words.
You are confused.
It was a potion of cancellation.
Your magical effects are unravelling.
You feel magically purged.
You feel less confused.
Your resistance to elements expires.
Reactivating autopickup.
You feel a bit more experienced.
Your Poison Magic skill increases to level 3!
You closely miss the orc. Your grab misses the orc.
The orc hits you with a +0 flail of holy wrath!
You die...

.................!# #.##.##..
..................# .#.....+..
..................# ##.#..#.##..
......###.###.##.S# ...#..#.##..
......###.##....).###.###..#.##..
......#..........{.......# #.##..
......#..............##.####.##..
...####.....#.#####..............
.### #.....#...@oS)....####.####
.# #........####..#..# #.# ##
#..........##..#..# #.#### #
#....###)#.##..#..####..... #
.....## #.#'##..#........... #
..... #.......#..####.#### . ...
#.....#.#..# #.# ## # .
#.......#..# ##.###. #.....###.##
#......


You could see an adder and an orc.

Vanquished Creatures
  An orc wizard (D:3)
  6 adders
  A river rat (D:3)
  2 worms (D:2)
  2 dart slugs
  3 orcs (D:3)
  7 endoplasms
  5 giant cockroaches
  6 goblins
  11 hobgoblins
  2 jackals (D:1)
  3 quokkas
  5 ball pythons
  3 bats
  4 frilled lizards
  4 kobolds
  9 rats
74 creatures vanquished.

Notes
Turn   | Place    | Note
-------+----------+-------------------------------------------
     0 | D:1      | Malachi the Octopode Transmuter began the quest for the
                  | Orb.
     0 | D:1      | Reached XP level 1. HP: 13/13 MP: 3/3
   315 | D:1      | Reached XP level 2. HP: 18/18 MP: 3/5
   883 | D:1      | Reached skill level 4 in Unarmed Combat
   934 | D:1      | Reached XP level 3. HP: 17/23 MP: 6/6
  1057 | D:1      | Found a faded altar of an unknown god.
  1742 | D:2      | Found a sparkling altar of Nemelex Xobeh.
  2080 | D:2      | Reached skill level 1 in Poison Magic
  2132 | D:2      | Reached XP level 4. HP: 9/28 MP: 7/7
  3422 | D:2      | Learned a level 3 spell: Spider Form
  3674 | D:3      | Reached XP level 5. HP: 31/33 MP: 8/8
  4691 | D:3      | Slain by an orc

Illustrated notes

Levels and vault maps discovered:
D:1:      minmay_arrival_three_doors, layout_loops_corners,
          shapermc_ecumenical_altar_pompeii
D:2:      layout_loops_ring, basic_altar
D:3:      layout_basic, portal_sewer_entry_e, minmay_checkerbox

Skill      XL: |  1  2  3  4  5 |
---------------+----------------+-----
Unarmed Combat | 4 |  4.3
Poison Magic   | 1 2 3 |  3.2
Transmutations | 3 |  3.5
Fighting       | |  1.0
Dodging        | |  2.0
Spellcasting   | |  2.0

Action                   |  1- 3 |  4- 6 || total
-------------------------+-------+-------++-------
Melee: Unarmed           |    72 |    47 ||   119
       Kick              |    23 |    10 ||    33
       Constrict         |    21 |    23 ||    44
       Tentacles         |    17 |     7 ||    24
       Punch             |     1 |     5 ||     6
       Dagger            |       |    39 ||    39
 Cast: Beastly Appendage |    25 |     9 ||    34
  Use: Potion            |     1 |     3 ||     4
       Scroll            |       |     6 ||     6
 Stab: Sleeping          |     9 |     3 ||    12
Armor: Skin              |    14 |    13 ||    27
Dodge: Dodged            |    36 |    50 ||    86

Table legend: (Time is in decaauts)
 A = Elapsed time spent in this place.
 B = Non-inter-level travel time spent in this place.
 C = Inter-level travel time spent in this place.
 D = Time resting spent in this place.
 E = Time spent auto-exploring this place.
 F = Levels seen in this place.
 G = Mean time per level.
                   A        B        C        D        E       F      G
               +--------+--------+--------+--------+--------+-----+--------+
         Total |   4680 |   4586 |     94 |   1244 |   2631 |   3 | 1560.0 |
       Dungeon |   4680 |   4586 |     94 |   1244 |   2631 |   3 | 1560.0 |
               +--------+--------+--------+--------+--------+-----+--------+

Top non-repeatable levels by time:
     D:1: 1737 daAuts
     D:2: 1684 daAuts
     D:3: 1257 daAuts
